 Dungeon Crawl Stone Soup version 0.28.0-53-g5a82cb258f (webtiles) character file.

Game seed: 11935054268036899498

1804 raph the Chucker (level 8, -1/78 HPs)
             Began as a Troll Hunter on June 25, 2022.
             Was a Believer of Okawaru.
             Slain by a meliai zombie (8 damage)
             ... on level 6 of the Dungeon.
             The game lasted 00:08:34 (5584 turns).

raph the Chucker (Troll Hunter)                     Turns: 5584, Time: 00:08:35

Health: -1/78      AC:  4    Str: 21    XL:     8   Next: 83%
Magic:  7/7        EV: 13    Int:  7    God:    Okawaru [**....]
Gold:   274        SH:  0    Dex: 12    Spells: 7/7 levels left

rFire   . . .      SeeInvis .     - Unarmed
rCold   + . .      Faith    .   (no shield)
rNeg    . . .      Spirit   .   b - +0 robe
rPois   .          Reflect  .   (helmet restricted)
rElec   .          Harm     .   (no cloak)
rCorr   .          Rampage  .   (gloves unavailable)
Will    .....                   (boots unavailable)
Stlth   +.........              f - amulet "Giwedoolo" {rC+ Regen+}
HPRegen 1.83/turn               (no ring)
MPRegen 0.10/turn               (no ring)

@: confused, heroic, ambrosia-drunk
A: large, unfitting armour, claws 3, regeneration 1, shaggy fur 1, tough skin 1
a: Renounce Religion, Heroism


You were on level 6 of the Dungeon.
You worshipped Okawaru.
Okawaru was pleased with you.
You visited 1 branch of the dungeon, and saw 6 of its levels.

You collected 274 gold pieces.

Inventory:

Hand Weapons
 w - the +5 mace "Saguhonio" {freeze, Int+4 Stlth+}
   (You found it on level 3 of the Dungeon)

   It freezes those it strikes, dealing additional cold damage.
   It can also slow down cold-blooded creatures.
   Int:       It affects your intelligence (+4).
   Stlth:     It makes you more stealthy.
Missiles
 c - 5 large rocks (quivered)
 d - 3 throwing nets
 g - 24 poisoned darts
 s - 6 silver javelins
Armour
 b - a +0 robe (worn)
Jewellery
 f - the amulet "Giwedoolo" (around neck) {rC+ Regen+}
   (You acquired it on level 3 of the Dungeon)

   [amulet of regeneration]

   rC:        It protects you from cold.
   Regen:     It increases your rate of health regeneration.
Scrolls
 e - 2 scrolls of teleportation
 r - a scroll of fog
Potions
 a - a potion of lignification
 h - 2 potions of flight
 i - 2 potions of attraction
 j - 4 potions of curing
 l - a potion of mutation {unknown}
 m - a potion of might {unknown}
 n - a potion of cancellation {unknown}
 o - 2 potions of brilliance
 p - a potion of haste {unknown}
 q - a potion of magic {unknown}


   Skills:
 + Level 4.1(9.1) Fighting
 * Level 7.0(12.0) Throwing
 + Level 4.1(9.1) Dodging
 - Level 0.4(5.4) Stealth
 * Level 6.4(11.4) Unarmed Combat


You had 7 spell levels left.
You didn't know any spells.
Your spell library contained the following spells:

 Spells                   Type           Power      Damage    Failure   Level
 Scorch                   Fire           0%         2d5       56%         2
 Anguish                  Hex/Necr       0%         N/A       99%         4
 Flame Wave               Conj/Fire      0%         2d4       99%         4
 Enfeeble                 Hex            0%         N/A       100%        7
 Tukima's Dance           Hex            Unusable   N/A       N/A         3
 Summon Cactus Giant      Summ           Unusable   N/A       N/A         6

Dungeon Overview and Level Annotations

Branches:
Dungeon (6/15)             Temple (0/1) D:5

Altars:
Cheibriados
Fedhas
Gozag
Okawaru
Ru


Innate Abilities, Weirdness & Mutations

You are too large for most types of armour.
You have claws for hands.
Your natural rate of healing is unusually fast.
You are covered in fur. (AC +1)
You have tough skin. (AC +1)


Message History

You barely miss the meliai zombie.
The meliai zombie is heavily damaged.
The meliai zombie hits you.
* * * LOW HITPOINT WARNING * * *
The meliai zombie hits you.
* * * LOW HITPOINT WARNING * * *
You are confused.
You feel invigorated. The meliai zombie closely misses you.
The meliai zombie hits you.
* * * LOW HITPOINT WARNING * * *
The meliai zombie misses you. The meliai zombie closely misses you.
You claw the meliai zombie!
The meliai zombie is severely damaged.
The meliai zombie hits you but does no damage.
The meliai zombie hits you.
* * * LOW HITPOINT WARNING * * *
You scratch the meliai zombie.
The meliai zombie is severely damaged.
The meliai zombie closely misses you. The meliai zombie barely misses you.
The meliai zombie hits you.
* * * LOW HITPOINT WARNING * * *
The meliai zombie closely misses you.
You miss the meliai zombie.
The meliai zombie is severely damaged.
The meliai zombie hits you!
* * * LOW HITPOINT WARNING * * *
The meliai zombie barely misses you. The meliai zombie hits you.
* * * LOW HITPOINT WARNING * * *
The meliai zombie hits you but does no damage.
The meliai zombie barely misses you. The meliai zombie hits you.
* * * LOW HITPOINT WARNING * * *
The meliai zombie completely misses you.
The meliai zombie barely misses you.
You scratch the meliai zombie.
The meliai zombie is almost destroyed.
The meliai zombie misses you. The meliai zombie hits you.
* * * LOW HITPOINT WARNING * * *
An orc comes into view.
It is wielding a +1 short sword of freezing.
The meliai zombie closely misses you. x2; The meliai zombie hits you!
You die...

.. .. #. #. .o #.## .# .
..# .####.. #.# ......#
#######.###.#..#
##..............#
#....###..Z@##......###...
####.##..##..>##
..#.......
##..............#
#.#.....#
#..#######....#..#
#.#.#..#
#..##...##...###.#
#.#...### #..#.....#...#
#)####....#..
#........#...#
#.........#.#
#..#.....#...#
###....##.### #
#..##...##.#.###
#...##......##.


You could see an orc (asleep) and a meliai zombie.

Vanquished Creatures
  Sigmund (D:2)
  Menkaure (D:5)
  An ice beast (D:4)
  4 necrophages (D:5)
  An ogre (D:4)
  A wyvern zombie (D:5)
  3 water moccasin zombies (D:5)
  A wyvern skeleton (D:6)
  A water moccasin skeleton (D:3)
  A killer bee (D:5)
  A howler monkey (D:4)
  2 orc priests (D:3)
  A hound (D:4)
  A centaur zombie (D:5)
  2 bullfrog skeletons
  4 iguanas
  2 orc wizards
  Natasha (D:3)
  A hound zombie (D:5)
  A howler monkey zombie (D:5)
  4 gnolls
  7 adders
  An ufetubus (D:5)
  2 worms
  3 dart slugs
  17 orcs
  7 endoplasms
  6 giant cockroaches
  7 goblins
  13 hobgoblins
  3 ball pythons
  8 bats
  3 frilled lizards
  7 kobolds
  A rat (D:2)
  A bush (D:1)
121 creatures vanquished.

Vanquished Creatures (others)
  A bush (D:5)
  10 plants (D:5)
11 creatures vanquished.

Grand Total: 132 creatures vanquished

Notes
Turn   | Place    | Note
-------+----------+-------------------------------------------
     0 | D:1      | raph the Troll Hunter began the quest for the Orb.
     0 | D:1      | Reached XP level 1. HP: 19/19 MP: 0/0
   289 | D:1      | Reached XP level 2. HP: 28/28 MP: 1/1
   568 | D:1      | Reached skill level 1 in Unarmed Combat
   982 | D:2      | Reached XP level 3. HP: 34/35 MP: 2/2
  1205 | D:2      | Reached skill level 4 in Throwing
  1381 | D:2      | Noticed Sigmund
  1429 | D:2      | Killed Sigmund
  1430 | D:2      | Reached XP level 4. HP: 28/44 MP: 3/3
  1430 | D:2      | Reached XP level 5. HP: 31/50 MP: 4/4
  1821 | D:3      | Identified the +5 mace "Saguhonio" {freeze, Int+4 Stlth+}
  1844 | D:3      | Found a snail-covered altar of Cheibriados.
  1845 | D:3      | Found an opulent altar of Gozag.
  1846 | D:3      | Found a sacrificial altar of Ru.
  1994 | D:3      | Reached XP level 6. HP: 42/59 MP: 5/5
  2233 | D:3      | Found an iron altar of Okawaru.
  2239 | D:3      | Became a worshipper of Warmaster Okawaru
  2256 | D:3      | Identified a scroll of acquirement
  2256 | D:3      | Acquired the amulet "Giwedoolo" {rC+ Regen+}
  2296 | D:3      | Reached skill level 5 in Throwing
  2674 | D:3      | Noticed Natasha
  2690 | D:3      | Killed Natasha
  2890 | D:4      | Reached XP level 7. HP: 67/67 MP: 6/6
  3616 | D:4      | Reached * piety under Okawaru
  4021 | D:5      | Entered Level 5 of the Dungeon
  4152 | D:5      | Found a staircase to the Ecumenical Temple.
  4263 | D:5      | Noticed Menkaure
  4265 | D:5      | Killed Menkaure
  4266 | D:5      | Reached skill level 6 in Throwing
  4266 | D:5      | Reached skill level 5 in Unarmed Combat
  4354 | D:5      | Reached XP level 8. HP: 69/75 MP: 7/7
  4455 | D:5      | Found a blossoming altar of Fedhas.
  5380 | D:5      | Reached ** piety under Okawaru
  5408 | D:5      | Reached skill level 7 in Throwing
  5581 | D:6      | HP: 3/78 [meliai zombie (6)]
  5584 | D:6      | Slain by a meliai zombie

Illustrated notes

Levels and vault maps discovered:
D:1:      dpeg_arrival_renting, layout_loops_ring, minmay_hedge_maze
D:2:      layout_loops_ring, uniq_sigmund
D:3:      layout_basic, okawaru_gym_becter,
          chequers_temple_overflow_statue_of_worship,
          minmay_goblin_kobold_house, uniq_natasha
D:4:      layout_cave_pods
D:5:      layout_cave_pods, fedhas_altar_decomposition, temple_pool_b,
          minmay_bent, uniq_menkaure
D:6:      lemuel_slime, layout_rooms, minmay_misc_feat_enclosed,
          serial_park_tiny_1, nicolae_inconvenience_store

Skill      XL: |  1  2  3  4  5  6  7  8 |
---------------+-------------------------+-----
Unarmed Combat | 1 2 3 5 6 |  6.4
Dodging        | 2 3 4 |  4.1
Fighting       | 2 3 4 |  4.1
Throwing       | 4 5 6 7 |  7.0
Stealth        | |  0.4

Action                   |  1- 3 |  4- 6 |  7- 9 || total
-------------------------+-------+-------+-------++-------
Melee: Unarmed           |   132 |   107 |   208 ||   447
       Punch             |     1 |     1 |    15 ||    17
Throw: Large rock        |     5 |     4 |     7 ||    16
       Dart              |       |       |     2 ||     2
Invok: Heroism           |       |       |     4 ||     4
  Use: Scroll            |     5 |     4 |     4 ||    13
       Potion            |       |       |     1 ||     1
 Stab: Sleeping          |     3 |     2 |       ||     5
       Distracted        |       |       |     1 ||     1
Armor: Robe              |    39 |    29 |    57 ||   125
Dodge: Dodged            |    37 |    40 |   119 ||   196
